 Dungeon Crawl Stone Soup version 0.27-a0-951-gae3e1deef5 (console) character file.

Game seed: 1800055178161000474

320406 simm the Fencer (level 21, -8/144 HPs)
             Began as a Djinni Brigand on Apr 8, 2021.
             Was the Champion of Hepliaklqana.
             Killed from afar by an ironbound frostheart (23 damage)
             ... with a frost
             ... on level 4 of the Vaults on Apr 11, 2021.
             The game lasted 05:44:19 (79335 turns).

simm the Fencer (Djinni Brigand)                   Turns: 79335, Time: 05:44:20

Health: -8/144     AC: 17    Str: 10    XL:     21   Next: 50%
Gold:   1220       EV: 24    Int: 19    God:    Hepliaklqana [******] SH:  8 Dex: 23

rFire    + + +     SeeInvis .   a - +9 great sword (vamp)
rCold    + + +     Faith    .   (shield currently unavailable)
rNeg     . . .     Spirit   +   r - +2 robe {rC+ rF+}
rPois    ∞         Reflect  .   R - +2 helmet
rElec    .         Harm     .   q - +2 cloak
rCorr    .         Rampage  .   s - +2 pair of gloves {archery}
Will     ++...                  (boots unavailable)
Stlth    +++.......             h - brooch of Shielding {Spirit SH+8}
HPRegen  0.34/turn              p - ring of Eternal Harmony {rF+ AC+4 Int+4}
MPRegen  0.00/turn              D - ring "Bebefaopt" {Fly rC+++ AC+4}

@: corroded, flying
A: reduced essence, fire resistance 2, cold vulnerability 1, float, innate
caster, hp casting, extra vitality 1
}: 2/15 runes: decaying, serpentine
a: Renounce Religion, Recall Ancestor, Ancestor Identity, Transference, Idealise


You were on level 4 of the Vaults.
You worshipped Hepliaklqana.
Hepliaklqana was exalted by your worship.
You visited 7 branches of the dungeon, and saw 37 of its levels.
You also visited: Trove and Sewer.

You collected 4758 gold pieces.
You spent 3538 gold pieces at shops.

Inventory:

Hand Weapons
 a - a +9 vampiric great sword (weapon)
 b - the +11 lance "Wyrmbane" {slay drac, rPois rF+ rC+ AC+3}
   (You took it off Margery on level 4 of the Vaults)

   It affects your AC (+3).
   It protects you from fire.
   It protects you from cold.
   It protects you from poison.
 I - a +1 vampiric lajatang
Missiles
 e - 2 curare-tipped darts {!f}
 A - 9 atropa-tipped darts (quivered)
Armour
 q - a +2 cloak (worn)
 r - a +2 robe of resistance (worn)
 s - a +2 pair of gloves of archery (worn)
 R - a +2 helmet (worn)
Magical Staves
 X - a staff of conjuration {!a}
Jewellery
 c - a ring of resist corrosion
 d - an amulet of regeneration
 h - the brooch of Shielding (around neck) {Spirit SH+8}
   (You found it on level 10 of the Dungeon)

   [amulet of guardian spirit]

   It causes incoming damage to be divided between your reserves of health and
   magic.
   It affects your SH (+8).
 p - the ring of Eternal Harmony (left hand) {rF+ AC+4 Int+4}
   (You found it in a treasure trove)

   [ring of protection]

   It affects your AC (+4).
   It affects your intelligence (+4).
   It protects you from fire.
 t - the amulet "Keinaipe" {Acrobat rN++ Int+3 Dex+2}
   (You found it in a treasure trove)

   [amulet of the acrobat]

   It increases your evasion while moving and waiting.
   It affects your intelligence (+3).
   It affects your dexterity (+2).
   It greatly protects you from negative energy.
 y - a ring of positive energy
 D - the ring "Bebefaopt" (right hand) {Fly rC+++ AC+4}
   (You found it in a treasure trove)

   [ring of protection]

   It affects your AC (+4).
   It renders you almost immune to cold.
   It grants you flight.
 F - a ring of ice
 J - a ring of see invisible
 K - a ring of willpower
 L - a ring of fire
 P - a ring of wizardry
Wands
 m - a wand of acid (5)
 o - a wand of iceblast (21)
 u - a wand of paralysis (32)
 G - a wand of mindburst (52)
 S - a wand of charming (30)
 V - a wand of digging (13)
Scrolls
 j - a scroll of silence {!r}
 k - a scroll of enchant armour
 l - 17 scrolls of identify {@r1}
 z - a scroll of enchant weapon
 C - 4 scrolls of magic mapping
 M - 3 scrolls of holy word
 N - 5 scrolls of teleportation {@r4}
 O - 6 scrolls of fog
Potions
 f - 3 potions of resistance
 g - 9 potions of curing {@q1}
 n - 3 potions of might
 v - 7 potions of berserk rage {!q}
 w - a potion of ambrosia
 B - 5 potions of brilliance
 H - 7 potions of attraction {!q}
 Q - 2 potions of magic
 U - 4 potions of mutation {!q}
 W - 2 potions of cancellation
Miscellaneous
 i - a box of beasts
 x - a condenser vane
 E - a lightning rod (4/4) {!a}
 T - a phial of floods
 Y - a box of beasts
 Z - a phantom mirror


   Skills:
 + Level 17.6 Fighting
 - Level 4.0(14.0) Short Blades
 - Level 19.8(20.0) Long Blades
 - Level 1.5 Throwing
 + Level 14.2 Dodging
 - Level 3.2 Stealth
 + Level 16.0 Spellcasting
 - Level 6.9 Invocations
 - Level 3.0 Evocations


You had 7 spell levels left.
You knew the following spells:

 Your Spells              Type           Power      Damage    Failure   Level
a - Beastly Appendage     Tmut           100%       N/A       0%          1
b - Orb of Destruction    Conj           33%        9d12      4%          7
c - Haunt                 Necr/Summ      33%        N/A       4%          7
d - Slow                  Hex            66%        N/A       0%          2
f - Summon Mana Viper     Hex/Summ       66%        N/A       1%          5
g - Summon Forest         Summ/Tloc      33%        N/A       1%          5
s - Poisonous Vapours     Pois/Air       100%       N/A       0%          2
v - Simulacrum            Ice/Necr       33%        N/A       1%          6
x - Freezing Cloud        Conj/Ice/Air   33%        6-21      1%          6
z - Iskenderun's Mystic   Conj/Tloc      66%        2d14      1%          4
Your spell library was empty.

Dungeon Overview and Level Annotations

Branches:
Dungeon (15/15)            Temple (0/1) D:5            Lair (6/6) D:10
  Swamp (4/4) Lair:3        Snake (4/4) Lair:4        Slime (0/5) Lair:5
    Orc (2/2) D:10            Elf (2/3) Orc:2        Vaults (4/5) D:14
  Crypt (0/3) Vaults:2     Depths (0/5) D:15          Sewer (visited)

Altars:
Ashenzari
Elyvilon
Fedhas
Hepliaklqana
Kikubaaqudgha
Makhleb
Nemelex Xobeh
Okawaru
Uskayaw
Vehumet
Xom
Yredelemnul
The Shining One
Beogh
Jiyva

Shops:
Orc:2 *:([   Elf:2 ?   Snake:2 :=   Snake:3 :   Vaults:1 *   Vaults:4 *[*

Annotations:
D:5 blork!, Blork the orc
Elf:1 Agnes


Innate Abilities, Weirdness & Mutations

Your life essence is reduced to manifest your ancestor. (-10% HP)
You are immune to poison.
Your flesh is very heat resistant. (rF++)
You are vulnerable to cold. (rC-)
You float through the air rather than walking.
You learn spells naturally, not from books.
Your magical power is your life essence.
You have superior vitality. (+4 HP)


Message History

The ironbound frostheart is engulfed in freezing vapours.
The ironbound frostheart calls freezing cold from the walls.
The frost grips you!! You partially resist.
You are encased in ice.
The frost grips your ettin simulacrum!!
Your ettin simulacrum partially resists.
Your ettin simulacrum vapourises!
The yaktaur captain shoots a bolt.
You block the bolt.
Unknown command.
Okay, then.
You block the brown ugly thing's attack.
The ironbound frostheart is engulfed in freezing vapours.
You swap places.
The ice encasing you melts away.
Something engulfs your glowing shapeshifter simulacrum!
Your glowing shapeshifter simulacrum vapourises!
There is an open door here.
You barely miss the brown ugly thing.
The brown ugly thing is severely wounded.
The brown ugly thing engulfs you!
* * * LOW HITPOINT WARNING * * *
The acid corrodes you!
You are splashed with acid!
* * * LOW HITPOINT WARNING * * *
Okay, then.
Okay, then.
Okay, then.
Unknown command.
Aiming: Paralyse
Press: ? - help, Shift-Dir - straight line, f - brown ugly thing
Aim: a brown ugly thing (severely wounded, strong, chance to affect: 37%)
Okay, then.
Unknown command.
You hit the brown ugly thing.
The brown ugly thing is severely wounded.
The ironbound frostheart calls freezing cold from the walls.
The frost grips you!! You partially resist.
You die...

###### #### .# .....# #...##
#.# . .....# ....# c. ..
.....#############
.∩.##.##.∩.
.....#...........# ..c......
.....'........)..#####.#c).#
.....#).#######.@#.p.#..○#
.....#..# #..up#°.c)#
######..# #..#.)c#...#
)....#..# #..#####.#...#
)....#..# #..# .........
)....#..# #..# ...##.##...
.))..#..# #..# ....# .. ..
.))).#... ...##∩..## #.# .
##+### ...##### .#


You could see a yaktaur captain, a brown ugly thing (strong) and an ironbound
frostheart.

Vanquished Creatures
  Saint Roka (Orc:2)
  Nikola (Vaults:1)
  Jorgrun (Lair:3)
  A sphinx (Vaults:3)
  Frances (D:12)
  3 thorn hunters (Swamp:4)
  Donald (Snake:1)
  A nagaraja (Snake:4)
  A fenstrider witch (Swamp:4)
  Kirke (Swamp:2)
  Louise (Swamp:1)
  An orc warlord (Vaults:3)
  8 vault wardens
  7 ironbound preservers
  3 very ugly things
  A stone giant (D:15)
  A vampire knight (Swamp:4)
  3 bunyips
  An entropy weaver (Vaults:1)
  4 eleionomae
  4 salamander tyrants (Snake:4)
  5 crystal guardians (Vaults:3)
  Josephine (D:10)
  An ettin (Vaults:4)
  8 naga warriors
  A shambling mangrove (Swamp:4)
  4 yaktaur captains
  A great orb of eyes (D:10)
  3 vault guards (Vaults:3)
  14 hydras
  Harold (Orc:1)
  Erolcha (Orc:1)
  4 boulder beetles
  3 ironbound thunderhulks
  2 ghost crabs
  4 catoblepae
  14 centaur warriors
  3 ironbound frosthearts
  A peacekeeper (Vaults:3)
  7 alligators
  7 anacondas
  6 tengu warriors
  5 two-headed ogres
  6 naga sharpshooters
  6 shock serpents
  2 deep elf knights (Elf:2)
  2 orc high priests
  5 ironbound beastmasters
  3 hell knights (Vaults:4)
  3 salamander mystics
  4 goliath frogs
  30 deep trolls
  5 spriggan druids
  5 spectral hydras (Swamp:4)
  2 naga ritualists (Snake:4)
  3 swamp dragons (Swamp:4)
  2 phantasmal warriors
  A harpy (Vaults:1)
  4 bog bodies
  8 orc knights
  A tengu zombie (Vaults:3)
  12 ironbound convokers
  6 lindwurms
  6 wizards
  2 wolf spiders
  4 deep elf pyromancers
  2 deep elf zephyrmancers
  3 necromancers
  An oklob plant (Swamp:4)
  2 orc sorcerers (Orc:2)
  2 mana vipers
  12 ugly things
  6 cyclopes
  2 will-o-the-wisps (Swamp:3)
  3 manticores (D:15)
  29 salamanders
  10 elephants
  4 centaur zombies
  13 naga magi
  Joseph (Lair:1)
  36 black mambas
  11 cane toads
  7 vault sentinels
  5 guardian serpents
  22 yaktaurs
  An elf skeleton (Vaults:3)
  A yaktaur (shapeshifter) (D:14)
  An efreet (D:14)
  4 komodo dragons
  3 rime drakes
  2 freezing wraiths
  An elf zombie (Vaults:2)
  A death drake zombie (Swamp:4)
  A yaktaur skeleton (Vaults:2)
  9 hornets
  6 polar bears (Lair:6)
  5 trolls
  A jumping spider (Vaults:4)
  A bloated husk (Swamp:4)
  A hydra skeleton (Swamp:4)
  3 hydra zombies (Swamp:4)
  A death drake skeleton (Swamp:4)
  6 tyrant leeches
  17 blink frogs
  24 slime creatures
  A raiju (Lair:6)
  An air elemental (Orc:2)
  8 redbacks
  6 spriggans
  10 yaks
  11 wyverns
  A shadow (D:13)
  4 wraiths
  A water elemental (D:11)
  2 vampires
  3 hogs (Swamp:2)
  2 steam dragons
  A human (Swamp:2)
  7 wargs
  12 vampire mosquitoes
  7 swamp worms
  39 nagas
  2 acid dragons
  11 hell hounds (Lair:6)
  10 water moccasins
  Duvessa (D:7)
  5 swamp drakes (Swamp:4)
  9 black bears
  30 orc warriors
  2 hornet zombies
  3 swamp dragon zombies (Swamp:4)
  A human zombie (Vaults:3)
  7 ogres
  24 wolves
  9 centaurs
  A kobold brigand (D:9)
  9 bullfrogs
  A scorpion (D:6)
  4 gnoll sergeants
  11 hexers
  A wight (D:9)
  8 electric eels
  3 howler monkeys
  A bullfrog zombie (D:6)
  3 hounds
  A bullfrog skeleton (D:5)
  A centaur skeleton (D:7)
  13 orc priests
  Jessica (D:3)
  18 orc wizards
  A hound skeleton (D:5)
  2 howler monkey zombies (D:9)
  12 adders
  7 gnolls
  A shadow imp (D:5)
  A white imp (D:6)
  An ufetubus (D:5)
  A worm (D:2)
  3 dart slugs (D:1)
  59 orcs
  7 bats
  11 endoplasms
  2 giant cockroaches
  4 goblins
  7 hobgoblins
  2 jackals (D:2)
  2 quokkas
  8 ball pythons
  3 frilled lizards
  10 kobolds
  An orc zombie (D:8)
  2 rats
  12 briar patches (Swamp:4)
  A bush (Lair:4)
  A snaplasher vine (Vaults:1)
991 creatures vanquished.

Vanquished Creatures (collateral kills)
  Margery (Vaults:4)
  Bai Suzhen (Swamp:3)
  A tentacled monstrosity (Swamp:3)
  A sphinx (Vaults:2)
  A thorn hunter (Swamp:2)
  3 nagarajas (Snake:4)
  Aizul (Snake:1)
  2 vault wardens (Vaults:4)
  A hydra zombie (Swamp:4)
  4 ironbound preservers (Vaults:2)
  A very ugly thing (Vaults:4)
  A vampire knight (Swamp:4)
  3 war gargoyles
  The ghost of Japrukh the Cleaver, a journeyman DDEE of Makhleb (Lair:2)
  3 dire elephants
  2 entropy weavers
  A salamander tyrant (Snake:4)
  A crystal guardian (Vaults:1)
  6 yaktaur captains
  2 shambling mangroves (Swamp:4)
  An ice dragon (Swamp:4)
  4 ironbound thunderhulks
  2 peacekeepers
  4 naga warriors
  A great orb of eyes (Vaults:2)
  2 boulder beetles
  2 hydras (Lair:6)
  3 ironbound frosthearts
  3 anacondas
  2 dancing weapons (Elf:2)
  5 centaur warriors (Vaults:2)
  3 alligators
  An ironbound beastmaster (Vaults:1)
  4 shock serpents
  2 naga sharpshooters (Snake:4)
  Urug (D:12)
  2 tengu warriors
  4 hell knights (Vaults:4)
  A salamander mystic (Snake:4)
  An iron troll (D:14)
  3 swamp dragons (Swamp:4)
  7 deep trolls
  A spriggan druid (Swamp:3)
  2 flayed ghosts (Swamp:4)
  A spectral hydra (Swamp:4)
  A bog body (Lair:3)
  2 ironbound convokers
  An orc knight (Orc:1)
  A lindwurm (Vaults:2)
  A mana viper (Snake:1)
  An orc sorcerer (Orc:1)
  2 deep elf pyromancers
  6 oklob plants
  2 manticores
  7 ugly things
  2 will-o-the-wisps
  5 salamanders
  A cyclops (D:15)
  A centaur zombie (D:11)
  7 elephants
  A human skeleton (Vaults:2)
  14 black mambas
  5 vault sentinels
  A guardian serpent (Lair:6)
  4 naga magi
  2 rime drakes
  An unseen horror (D:13)
  A kobold demonologist (D:6)
  8 cane toads
  Psyche (D:9)
  4 yaktaurs
  A freezing wraith (D:15)
  An efreet (D:14)
  6 komodo dragons
  3 polar bears (Lair:6)
  A troll (shapeshifter) (D:15)
  A jumping spider (shapeshifter) (Vaults:4)
  3 tyrant leeches
  2 hornets
  A dream sheep (Lair:6)
  7 blink frogs
  7 slime creatures
  2 wraiths (D:9)
  5 wyverns
  2 spriggans (Lair:2)
  A redback (Vaults:1)
  5 yaks
  2 water elementals (D:11)
  2 basilisks
  A hog (Swamp:2)
  4 vampire mosquitoes
  2 wargs (Lair:6)
  10 water moccasins
  6 nagas
  3 hell hounds (Lair:6)
  8 swamp worms
  3 nameless horrors
  8 orc warriors
  6 black bears
  2 swamp drakes (Swamp:4)
  2 necrophages
  2 ogres (Orc:1)
  10 wolves
  2 centaurs
  A phantom (D:5)
  A kobold brigand (D:10)
  9 bullfrogs
  A gnoll sergeant (D:11)
  Dowan (D:7)
  A killer bee (D:9)
  A howler monkey (D:6)
  A wight (D:9)
  2 electric eels (D:11)
  5 orc priests
  A hound (D:6)
  7 orc wizards
  6 hell rats (Lair:4)
  A mummy (D:8)
  5 gnolls
  5 adders
  A shadow imp (D:8)
  A white imp (D:8)
  A worm (D:3)
  19 orcs
  An endoplasm (D:2)
  2 giant cockroaches (D:6)
  A hobgoblin (D:4)
  A jackal (D:2)
  3 kobolds (D:10)
  2 bats (Sewer)
  2 hobgoblin zombies (D:8)
  A kobold zombie (D:8)
  A rat (D:2)
386 creatures vanquished.

Vanquished Creatures (others)
  A wizard (Vaults:4)
  A lindwurm (Vaults:2)
  A deep elf pyromancer (Elf:1)
  A vault sentinel (Vaults:4)
  5 bloated husks (Swamp:2)
  A swamp worm (Swamp:2)
  A swamp drake (Swamp:2)
  An orc warrior (Orc:2)
  97 hexers
  An adder (Snake:2)
  An ancestor (D:4)
  A briar patch (Swamp:4)
  2 bushes
  24 foxfires
  114 fungi
  208 plants
  6 snaplasher vines
466 creatures vanquished.

Grand Total: 1843 creatures vanquished

Notes
Turn   | Place    | Note
-------+----------+-------------------------------------------
     0 | D:1      | simm the Djinni Brigand began the quest for the Orb.
     0 | D:1      | Reached XP level 1. HP: 18/18 MP: 0/0
   196 | D:1      | Reached XP level 2. HP: 17/24 MP: 0/0
   544 | D:1      | Reached XP level 3. HP: 28/30 MP: 0/0
   544 | D:1      | Learned a level 1 spell: Beastly Appendage
  1875 | D:2      | Found a hazy altar of Hepliaklqana.
  1885 | D:2      | Reached XP level 4. HP: 37/37 MP: 0/0
  1899 | D:2      | Became a worshipper of Hepliaklqana the Forgotten
  2770 | D:3      | Noticed Jessica
  2845 | D:3      | Killed Jessica
  2846 | D:3      | Reached XP level 5. HP: 37/37 MP: 0/0
  2846 | D:3      | Learned a level 2 spell: Poisonous Vapours
  2933 | D:3      | Reached * piety under Hepliaklqana
  3341 | D:4      | Noticed a necrophage
  3727 | D:4      | Found a shimmering altar of Xom.
  4040 | D:4      | Killed a necrophage
  4041 | D:4      | Reached skill level 5 in Fighting
  4041 | D:4      | Reached XP level 6. HP: 34/44 MP: 0/0
  4183 | D:5      | Entered Level 5 of the Dungeon
  4183 | D:5      | Reached ** piety under Hepliaklqana
  4185 | D:5      | Remembered your ancestor Xochitl as a hexer
  4256 | D:5      | Noticed an orc warrior
  4639 | D:5      | Found a staircase to the Ecumenical Temple.
  4731 | D:5      | Reached skill level 1 in Spellcasting
  4734 | D:5      | Noticed a sky beast
  4738 | D:5      | Reached XP level 7. HP: 45/48 MP: 0/0
  4738 | D:5      | Learned a level 2 spell: Slow
  5152 | D:5      | Noticed Blork the orc
  5180 | D:6      | Reached XP level 8. HP: 41/54 MP: 0/0
  5222 | D:6      | Noticed a two-headed ogre
  5366 | D:6      | Killed a two-headed ogre
  5367 | D:6      | Reached skill level 5 in Dodging
  5406 | D:6      | Reached *** piety under Hepliaklqana
  5443 | D:6      | Reached XP level 9. HP: 18/61 MP: 0/0
  5443 | D:6      | Learned a level 4 spell: Iskenderun's Mystic Blast
  5546 | D:6      | Found a glowing drain.
  5636 | Sewer    | Entered a sewer
  6240 | D:6      | Noticed a kobold demonologist
  6253 | D:6      | Killed a kobold demonologist
  6267 | D:6      | Noticed a manticore
  6280 | D:6      | Killed a manticore
  6795 | D:7      | Reached skill level 1 in Long Blades
  6878 | D:7      | Reached XP level 10. HP: 48/70 MP: 0/0
  7194 | D:7      | Reached skill level 2 in Long Blades
  7336 | D:7      | Reached skill level 1 in Invocations
  7344 | D:7      | Noticed Dowan
  7344 | D:7      | Noticed Duvessa
  7420 | D:7      | Reached skill level 3 in Long Blades
  7435 | D:7      | Killed Duvessa
  7441 | D:7      | Killed Dowan
  7676 | D:7      | Found a glowing golden altar of the Shining One.
  7833 | D:7      | Noticed a two-headed ogre
  7834 | D:7      | Found a white marble altar of Elyvilon.
  7845 | D:7      | Killed a two-headed ogre
  7846 | D:7      | Reached skill level 4 in Long Blades
  8680 | D:8      | Reached **** piety under Hepliaklqana
  9116 | D:9      | Found an iron altar of Okawaru.
  9174 | D:9      | Reached skill level 5 in Long Blades
  9233 | D:9      | Reached skill level 5 in Invocations
  9695 | D:9      | Noticed Psyche
  9702 | D:9      | Killed Psyche
  9703 | D:9      | Reached skill level 6 in Long Blades
  9868 | D:9      | Reached XP level 11. HP: 68/75 MP: 0/0
  9868 | D:9      | Learned a level 5 spell: Summon Mana Viper
 10114 | D:9      | Reached skill level 7 in Long Blades
 10221 | D:10     | Entered Level 10 of the Dungeon
 10538 | D:10     | Found a staircase to the Lair.
 10556 | D:10     | Found a basalt altar of Yredelemnul.
 10572 | D:10     | Found a hide-covered altar of Uskayaw.
 10608 | D:10     | Noticed Josephine
 10801 | D:10     | Noticed a two-headed ogre
 11048 | D:10     | Found a viscous altar of Jiyva.
 11050 | D:10     | Found the brooch of Shielding {Spirit SH+8}
 11211 | D:10     | Killed a two-headed ogre
 11212 | D:10     | Reached skill level 5 in Spellcasting
 11429 | D:10     | Reached ***** piety under Hepliaklqana
 11429 | D:10     | Found a transporter.
 11430 | D:10     | Found a transporter.
 11434 | D:10     | Noticed a great orb of eyes
 11828 | D:10     | Found a portal to a secret trove of treasure.
 11839 | D:10     | Noticed a tengu warrior
 11839 | D:10     | Noticed a centaur warrior
 11974 | D:10     | Found a staircase to the Orcish Mines.
 12011 | D:10     | Killed Josephine
 12276 | D:9      | Reached skill level 8 in Long Blades
 12305 | D:10     | Found a blossoming altar of Fedhas.
 12308 | D:10     | Found a burning altar of Makhleb.
 12545 | Lair:1   | Entered Level 1 of the Lair of Beasts
 12558 | Lair:1   | Noticed Joseph
 12571 | Lair:1   | Killed Joseph
 12926 | Lair:1   | Reached skill level 9 in Long Blades
 13282 | Lair:1   | Reached XP level 12. HP: 81/81 MP: 0/0
 13337 | Lair:1   | Reached skill level 10 in Long Blades
 14179 | Lair:1   | Reached skill level 11 in Long Blades
 14758 | Lair:2   | Found a runed translucent door.
 14760 | Lair:2   | Noticed Japrukh's ghost (journeyman DDEE)
 14761 | Lair:2   | Identified the +6 spear "Sytiv" {freeze, rF+}
 15945 | Lair:3   | Reached skill level 12 in Long Blades
 16184 | Lair:3   | Noticed a six-headed hydra
 16263 | Lair:3   | Noticed a six-headed hydra
 16635 | Lair:4   | Upgraded the game from 0.27-a0-909-g0721f309d1 to
                  | 0.27-a0-931-g5a74e75d8f
 16726 | Lair:4   | Noticed a seven-headed hydra
 17227 | Lair:3   | Killed a six-headed hydra
 17228 | Lair:3   | Reached skill level 13 in Long Blades
 17228 | Lair:3   | Reached XP level 13. HP: 60/84 MP: 0/0
 17228 | Lair:3   | Learned a level 5 spell: Summon Forest
 18992 | Lair:3   | Found a staircase to the Swamp.
 19804 | Lair:4   | Found a staircase to the Snake Pit.
 20130 | Lair:4   | Identified the -5 cloak of Light {Fly}
 21466 | Lair:5   | Found a staircase to the Slime Pits.
 21757 | Lair:5   | Reached skill level 10 in Spellcasting
 22265 | Lair:5   | Reached ****** piety under Hepliaklqana
 22917 | Lair:6   | Entered Level 6 of the Lair of Beasts
 23523 | Lair:6   | Reached XP level 14. HP: 79/91 MP: 0/0
 23694 | Lair:6   | Reached skill level 10 in Fighting
 24898 | Lair:6   | Reached skill level 10 in Dodging
 27090 | Lair:6   | Identified the +3 leather armour "Wuyfuiwa" {rN+}
 28048 | Lair:2   | Killed Japrukh's ghost
 28215 | Orc:1    | Entered Level 1 of the Orcish Mines
 29001 | Orc:1    | Noticed Harold
 29013 | Orc:1    | Killed Harold
 29165 | Orc:1    | Reached XP level 15. HP: 83/100 MP: 0/0
 29165 | Orc:1    | Learned a level 6 spell: Freezing Cloud
 29945 | Orc:1    | Noticed Erolcha
 29954 | Orc:1    | Killed Erolcha
 30158 | Orc:2    | Entered Level 2 of the Orcish Mines
 30672 | Orc:2    | Noticed Saint Roka
 31502 | Orc:2    | Killed Saint Roka
 31777 | Orc:2    | Found Yshrunn's Antique Weapon Emporium.
 31831 | Orc:2    | Found Tonkar's Antique Armour Emporium.
 31840 | Orc:2    | Bought a pair of glowing gloves for 195 gold pieces
 31859 | Orc:2    | Found Jacaoripoa's General Store.
 31898 | Orc:2    | Bought a potion of curing for 54 gold pieces
 32514 | Orc:2    | Found a staircase to the Elven Halls.
 32576 | Orc:2    | Found Pelloc's Book Emporium.
 33116 | D:10     | Found a sparkling altar of Nemelex Xobeh.
 35536 | D:12     | Reached skill level 14 in Long Blades
 35726 | D:12     | Noticed Frances
 35739 | D:12     | Killed Frances
 36023 | D:12     | Noticed Urug
 36033 | D:12     | Killed Urug
 37756 | D:14     | Reached XP level 16. HP: 62/108 MP: 0/0
 37791 | D:14     | Found a gate to the Vaults.
 38591 | D:15     | Entered Level 15 of the Dungeon
 39867 | D:15     | Found a broken altar of Ashenzari.
 40056 | D:15     | Found a staircase to the Depths.
 40110 | D:15     | Reached skill level 15 in Long Blades
 41078 | Elf:1    | Entered Level 1 of the Elven Halls
 41211 | Elf:1    | Noticed Agnes
 41542 | Elf:2    | Found Ihel's Magic Scroll Emporium.
 41553 | Elf:2    | Bought a scroll of fear for 73 gold pieces
 41813 | Swamp:1  | Entered Level 1 of the Swamp
 41826 | Swamp:1  | Noticed Jorgrun
 42257 | Lair:3   | Killed Jorgrun
 42598 | Swamp:1  | Noticed Louise
 43399 | Swamp:1  | Killed Louise
 45109 | Swamp:2  | Noticed a thorn hunter
 45123 | Swamp:2  | HP: 3/111 [thorn hunter/volley of thorns (20)]
 45128 | Swamp:2  | Killed a thorn hunter
 46024 | Swamp:2  | Noticed Kirke
 46042 | Swamp:2  | Killed Kirke
 46043 | Swamp:2  | Reached XP level 17. HP: 102/117 MP: 0/0
 46043 | Swamp:2  | Learned a level 7 spell: Haunt
 46341 | Swamp:2  | Reached skill level 15 in Fighting
 46857 | Swamp:3  | Noticed Bai Suzhen
 46877 | Swamp:3  | Reached skill level 16 in Long Blades
 47835 | Swamp:3  | Identified 2 scrolls of acquirement
 47844 | Swamp:2  | Acquired 484 gold pieces
 47848 | Swamp:2  | Acquired 641 gold pieces
 48579 | Swamp:3  | Noticed a tentacled monstrosity
 48593 | Swamp:3  | Killed a tentacled monstrosity
 50006 | Swamp:4  | Entered Level 4 of the Swamp
 50169 | Snake:1  | Entered Level 1 of the Snake Pit
 51012 | Snake:1  | Noticed Donald
 51995 | Snake:1  | Noticed Aizul
 52011 | Snake:1  | Killed Aizul
 52199 | Snake:1  | Killed Donald
 52415 | Snake:2  | You are sucked into a shaft and drop 1 floor!
 52749 | Elf:2    | Bought a scroll of fog for 42 gold pieces
 52749 | Elf:2    | Bought a scroll of fog for 42 gold pieces
 52749 | Elf:2    | Bought 2 scrolls of immolation for 147 gold pieces
 52819 | Elf:2    | Bought a scroll of identify for 42 gold pieces
 52819 | Elf:2    | Bought a scroll of enchant armour for 157 gold pieces
 52819 | Elf:2    | Bought 3 scrolls of identify for 126 gold pieces
 52819 | Elf:2    | Bought a scroll of brand weapon for 420 gold pieces
 53550 | Snake:2  | Found Aroarr's Jewellery Shop.
 53555 | Snake:2  | Bought a ring of wizardry for 600 gold pieces
 53955 | Snake:2  | Found Roxa's Book Boutique.
 54745 | Snake:3  | Found Ladeamuc's Book Shop.
 55595 | Snake:4  | Entered Level 4 of the Snake Pit
 56016 | Snake:4  | Reached skill level 17 in Long Blades
 56021 | Snake:4  | Reached XP level 18. HP: 86/125 MP: 0/0
 57454 | Snake:4  | HP: 4/125 [shock serpent/bolt of electricity (29)]
 58690 | Snake:4  | Reached skill level 18 in Long Blades
 61437 | Snake:4  | Got a serpentine rune of Zot
 61967 | Vaults:1 | Entered Level 1 of the Vaults
 62674 | Vaults:1 | Reached XP level 19. HP: 54/130 MP: 0/0
 62674 | Vaults:1 | Learned a level 6 spell: Simulacrum
 62925 | Vaults:1 | Identified the +7 hand axe "Fillout" {elec, *Noise Fly
                  | Str+4 SInv}
 64433 | Swamp:3  | Killed Bai Suzhen
 64913 | D:10     | You paid a toll of 4 potions of resistance to enter a
                  | treasure trove
 64914 | Trove    | Entered a treasure trove
 64924 | Trove    | Identified the amulet of the Prince {Spirit Will+ Dex+2}
 64925 | Trove    | Identified the ring "Bebefaopt" {Fly rC+++ AC+4}
 64927 | Trove    | Identified the ring of Hefiyral {+Inv rF+ rC++ Str+6 Int-4}
 64928 | Trove    | Identified the amulet "Keinaipe" {Acrobat rN++ Int+3 Dex+2}
 64955 | Trove    | Identified the ring of Eternal Harmony {rF+ AC+4 Int+4}
 64957 | Trove    | Identified the amulet of Ublep {Faith Will++ Int+5 Dex-5}
 64964 | Trove    | Identified the amulet "Maanlic" {Faith rC+ Slay+2}
 64973 | Trove    | Identified the ring "Egemiy" {Will+ AC+4 Dex-5 SInv Stlth+}
 64977 | Trove    | Upgraded the game from 0.27-a0-931-g5a74e75d8f to
                  | 0.27-a0-951-gae3e1deef5
 66453 | Swamp:4  | Reached skill level 19 in Long Blades
 67696 | Swamp:4  | Found a blossoming altar of Fedhas.
 68758 | Swamp:4  | Found a basalt altar of Yredelemnul.
 68776 | Swamp:4  | Got a decaying rune of Zot
 69221 | Vaults:1 | Noticed Nikola
 69241 | Vaults:1 | Killed Nikola
 69809 | Vaults:1 | Found Gyoryug's Assorted Antiques.
 69817 | Vaults:1 | Bought 2 potions of resistance for 800 gold pieces
 69817 | Vaults:1 | Bought a scroll of teleportation for 120 gold pieces
 69817 | Vaults:1 | Bought a potion of resistance for 400 gold pieces
 69817 | Vaults:1 | Bought a potion of invisibility for 320 gold pieces
 71696 | Vaults:1 | Reached XP level 20. HP: 136/136 MP: 0/0
 71990 | Vaults:2 | Identified the +11 hand axe of the Valley {distort, rF+++
                  | rC+++ Dex-4 SInv}
 72327 | Vaults:2 | oh
 73040 | Vaults:2 | Identified the +1 scale mail "Faojeicoup" {rC+ Regen+ SInv}
 73042 | Vaults:2 | Reached skill level 1 in Evocations
 73126 | Vaults:2 | Reached skill level 15 in Spellcasting
 74299 | Vaults:2 | Found a staircase to the Crypt.
 74299 | Vaults:2 | Found a basalt altar of Yredelemnul.
 77105 | Vaults:3 | Reached XP level 21. HP: 97/144 MP: 0/0
 77105 | Vaults:3 | Learned a level 7 spell: Orb of Destruction
 78485 | Vaults:4 | Noticed Margery
 78503 | Vaults:4 | Killed Margery
 79314 | Vaults:4 | Found Jehupun's Armour Boutique.
 79314 | Vaults:4 | Found Measegau's Assorted Antiques.
 79315 | Vaults:4 | Found Omiythriq's Assorted Antiques.
 79335 | Vaults:4 | Killed from afar by an ironbound frostheart

Illustrated notes

...#.....#..# ....#..#
...#....†#..#......#..#
...#...†)'..#......#..#
...####+##..#......#..#
.........'..#......#..#
.........#..#......#..#
##########..#..cc..#..#
.....# #..#.pc...#..#
.....# #'####'@####'#
.....# #.......R....#
.....# #............#
.....# #............#
.....# #............#
####'######'###########
#......)...#
#..........#
#..........#


Turn 72327 on Vaults:2: oh

Levels and vault maps discovered:
D:1:      dpeg_arrival_tiny_b, layout_loops_ring, bh_walls_and_bars
D:2:      minmay_spotlight, layout_basic, basic_altar
D:3:      layout_loops_cross, uniq_jessica
D:4:      layout_cave_pods, kennysheep_little_box, xom_teletrap_fun
D:5:      minmay_angry_zag, layout_loops_ring, minmay_temple_entry_junction,
          serial_aquarium, aquarium_bridge_island_large
          [aquarium_subvault_large_1_pool, aquarium_subvault_balcony,
          aquarium_subvault_bridge, aquarium_subvault_bridge,
          aquarium_subvault_window], aquarium_window_2, aquarium_window_1,
          aquarium_view_2d, aquarium_view_2d, aquarium_pool_2, sword_in_stone
D:6:      layout_loops_cross, gup_sewer_entry_glass, kb_rosetta
D:7:      layout_loops_cross, lemuel_tele_altar, overflow_temple_1_default,
          uniq_duvessa
D:8:      layout_basic, minivault_5, grunt_ministairs_9, minmay_mini_ossuary
D:9:      hangedman_cross_stitches, layout_cave_pools,
          lemuel_coloured_pillars_altar, uniq_psyche
D:10:     gammafunk_jiyva_shrine, layout_rooms, nicolae_overflow_hidden_temple,
          lair_entry_dummy, orc_0_dummy, enter_trove_1, minmay_checkerbox,
          uniq_josephine
D:11:     layout_stronghold, serial_bayou, serial_bayou_lagoon_a,
          serial_bayou_pond_a, serial_bayou_lagoon_b, serial_bayou_pond_c,
          serial_bayou_pond_e, serial_bayou_ford_a
D:12:     layout_roguey, moated_statue, uniq_frances, uniq_urug
D:13:     layout_irregular_city
D:14:     layout_basic, david_vaults_4, serial_bayou_shore_a
D:15:     grunt_enter_depths_snipers, layout_cave_pools,
          evilmike_ruin_ashenzari, grunt_ministairs_4, lemuel_flamethrower_3
Lair:1:   layout_cellular_growth, beast_lair_carwin_1, uniq_joseph
Lair:2:   layout_roguey, ebering_ghost_funeral_grove
Lair:3:   minmay_lair_venomous_thicket, layout_hall_layers,
          nicolae_swamp_entry_splash_gauntlet, chequers_serial_rivers_small_a,
          minivault_19
Lair:4:   layout_regular_city, guppyfry_snake_entry_garden, minmay_hedge_maze,
          minmay_lair_oklob_chamber, serial_bayou_shore_b
Lair:5:   layout_cave_pods, slime_dummy, chequers_serial_rivers_small_b
Lair:6:   hangedman_lair_caniforms_friends, layout_regular_city,
          hangedman_lair_tendril_chambers, hangedman_lair_generics_rect,
          lemuel_fruit_fields
Swamp:1:  layout_basic_swamp, nicolae_swamp_very_dense_foliage, swamp_pool1,
          uniq_louise, uniq_jorgrun
Swamp:2:  nicolae_swamp_husk_halls, layout_basic_swamp, hangedman_swamp_pad,
          swamp_pool4, infiniplex_staircase_pool, uniq_kirke
Swamp:3:  layout_basic_swamp, nicolae_swamp_oxbows, infiniplex_staircase_pool_2,
          uniq_bai_suzhen
Swamp:4:  byrel_swamp_growth_death_and_undeath, layout_basic_swamp,
          portal_ice_cave_entry_dragon, swamp_pool5
Snake:1:  layout_onion, uniq_aizul, uniq_donald
Snake:2:  layout_honeycomb, serial_shops, shop, shop, minmay_snake_pond
Snake:3:  layout_chambers, drop_trap, minmay_shop_star
Snake:4:  grunt_snake_rune_pools, layout_layer_cave
Orc:1:    layout_diamond_mine, uniq_erolcha, uniq_harold
Orc:2:    grunt_orc_cross, layout_caves
Elf:1:    eino_elf_arrival_shootout, layout_loops_cross, minmay_elf_sorcery,
          uniq_agnes, uniq_roxanne
Elf:2:    layout_geoelf_diagonals, serial_shops, nicolae_shop_behind_doors,
          nicolae_elf_big_sculpture_1, lemuel_flamethrower_3
Vaults:1: nicolae_vaults_murderbox, grunt_vaults_diagonal, v_misc_14,
          nicolae_vaults_little_ls, nicolae_vaults_border_crossing,
          layout_vaults_omnigrid, serial_shops, nicolae_shop_crystal,
          uniq_nikola
Vaults:2: hangedman_vaults_nodes, nicolae_vaults_little_squares_2,
          nicolae_vaults_angled_halls, v_pattern_1, grunt_vaults_hallway_short,
          minmay_crypt_entry_necro_gods, ontoclasm_vaults_gateway,
          ontoclasm_vaults_shuriken, nicolae_vaults_stairing_the_circle,
          v_misc_9, v_rooms_6, hangedman_vaults_stream,
          ontoclasm_vaults_ring_small, layout_vaults_big_cross
Vaults:3: ontoclasm_vaults_ligature, hangedman_vaults_slither, v_misc_15,
          v_rooms_6, v_rooms_3, vaults_room_hallway, nicolae_vaults_theta,
          nicolae_vaults_circle_grid_b, v_misc_12, hangedman_vaults_hat,
          v_misc_24, nicolae_vaults_little_squares_1, vaults_room_pools,
          nicolae_vaults_little_squares_3, layout_vaults_omnibox
Vaults:4: v_rooms_4, nicolae_vaults_alarming, ontoclasm_vaults_ring_small,
          ontoclasm_vaults_fault, v_misc_3, ontoclasm_vaults_ring_square,
          vaults_room_fancy_cross, nicolae_vaults_windows_and_doors_thing,
          nicolae_vaults_network_quincunx
          [nicolae_vaults_network_quincunx_subvault,
          nicolae_vaults_network_quincunx_subvault,
          nicolae_vaults_network_quincunx_subvault,
          nicolae_vaults_network_quincunx_subvault,
          nicolae_vaults_network_quincunx_subvault],
          hangedman_vaults_hard_town_square, ontoclasm_vaults_misaligned,
          nicolae_vaults_little_squares_1, layout_vaults_maze, serial_glass,
          uniq_margery

Skill      XL: |  1  2  3  4  5  6  7  8  9 10 11 12 13 14 15 16 17 18 19 20 21 |
---------------+----------------------------------------------------------------+-----
Fighting       | 3 4 5 7 9 12 13 14 16 17 | 17.6
Short Blades   | 2 3 4 |  4.0
Spellcasting   | 2 4 6 10 12 13 14 15 16 | 16.0
Dodging        | 2 5 8 11 12 13 14 | 14.2
Long Blades    | 1 6 9 13 14 15 17 18 19 | 19.8
Invocations    | 5 6 |  6.9
Evocations     | 3 |  3.0
Throwing       | |  1.5
Stealth        | |  3.2

Action                   |  1- 3 |  4- 6 |  7- 9 | 10-12 | 13-15 | 16-18 | 19-21 || total
-------------------------+-------+-------+-------+-------+-------+-------+-------++-------
Melee: Dagger            |    57 |    45 |   102 |   610 |    62 |       |       ||   876
       Rapier            |    55 |    63 |       |       |       |       |       ||   118
       Headbutt          |     3 |       |       |       |       |       |       ||     3
       Great sword       |       |       |       |    54 |   685 |   569 |   745 ||  2053
Throw: Stone             |    13 |     5 |     1 |       |       |       |       ||    19
       Dart              |       |       |     3 |    33 |     8 |     1 |       ||    45
 Cast: Beastly Appendage |     4 |       |       |       |       |       |       ||     4
       Poisonous Vapours |       |       |    42 |   159 |   227 |    67 |     7 ||   502
       Slow              |       |       |     4 |    29 |    51 |     1 |     3 ||    88
       Iskenderun's Myst |       |       |       |     3 |       |     4 |       ||     7
       Summon Mana Viper |       |       |       |     1 |    23 |    44 |     4 ||    72
       Summon Forest     |       |       |       |       |    23 |    13 |     6 ||    42
       Freezing Cloud    |       |       |       |       |    46 |   206 |   108 ||   360
       Haunt             |       |       |       |       |       |     9 |    35 ||    44
       Simulacrum        |       |       |       |       |       |       |    65 ||    65
       Orb of Destructio |       |       |       |       |       |       |     4 ||     4
Invok: Recall Ancestor   |       |     2 |     5 |     8 |     4 |     8 |    15 ||    42
       Ancestor Life: He |       |     1 |       |       |       |       |       ||     1
       Idealise          |       |       |       |     1 |       |     1 |     6 ||     8
Evoke: Wand              |       |       |     2 |     2 |     5 |    11 |       ||    20
       Condenser vane    |       |       |       |       |       |     1 |       ||     1
  Use: Scroll            |       |     4 |     6 |    12 |     9 |    24 |     5 ||    60
       Potion            |       |       |       |     1 |     7 |    17 |     5 ||    30
 Stab: Sleeping          |     7 |    15 |    15 |    10 |    12 |     9 |     3 ||    71
       Distracted        |       |     2 |     2 |    14 |    26 |    11 |    18 ||    73
       Confused          |       |       |     5 |    13 |    16 |     5 |    36 ||    75
       Petrifying        |       |       |       |       |     1 |       |       ||     1
       Petrified         |       |       |       |       |     1 |       |       ||     1
       Paralysed         |       |       |       |       |     8 |    37 |    26 ||    71
       Invisible         |       |       |       |       |       |     5 |       ||     5
Armor: Robe              |    35 |    18 |    10 |   130 |   117 |   105 |   141 ||   556
Dodge: Dodged            |    74 |    50 |    56 |   523 |   617 |   494 |   413 ||  2227
Block: Other             |       |       |       |       |    38 |   254 |   185 ||   477
       Rpst.: Great sword |       |       |       |    18 |   146 |    90 |    51 ||   305

Table legend: (Time is in decaauts)
 A = Elapsed time spent in this place.
 B = Non-inter-level travel time spent in this place.
 C = Inter-level travel time spent in this place.
 D = Time resting spent in this place.
 E = Time spent auto-exploring this place.
 F = Levels seen in this place.
 G = Mean time per level.
                   A        B        C        D        E       F      G
               +--------+--------+--------+--------+--------+-----+--------+
         Total |  78829 |  72353 |   6476 |  29262 |  18979 |  39 | 2021.3 |
       Dungeon |  22166 |  20409 |   1757 |   6307 |   6906 |  15 | 1477.7 |
          Lair |  18579 |  16556 |   2023 |   5760 |   6837 |   6 | 3096.5 |
         Swamp |  10601 |   9887 |    714 |   5545 |   1184 |   4 | 2650.2 |
     Snake Pit |  10756 |  10183 |    573 |   4475 |   1865 |   4 | 2689.0 |
  Orcish Mines |   4013 |   3616 |    397 |   1884 |    851 |   2 | 2006.5 |
   Elven Halls |    608 |    441 |    167 |     94 |      0 |   2 |  304.0 |
        Vaults |  11619 |  10776 |    843 |   4982 |   1336 |   4 | 2904.8 |
         Trove |    153 |    153 |      0 |      0 |      0 |   1 |  153.0 |
         Sewer |    332 |    332 |      0 |    213 |      0 |   1 |  332.0 |
               +--------+--------+--------+--------+--------+-----+--------+

Top non-repeatable levels by time:
  Lair:6: 4534 daAuts
  Lair:3: 4511 daAuts
Vaults:1: 4233 daAuts
 Snake:3: 3814 daAuts
 Snake:4: 3696 daAuts
Vaults:3: 3281 daAuts
    D:10: 3219 daAuts
 Swamp:4: 3178 daAuts
 Swamp:2: 3121 daAuts
  Lair:4: 3105 daAuts
Vaults:2: 2896 daAuts
  Lair:1: 2872 daAuts
    D:14: 2261 daAuts
 Swamp:3: 2254 daAuts
   Orc:1: 2146 daAuts
